[Event "Early-Titled-Tuesday-Blitz-March-05-2024"]
[Site "Chess.com"]
[Date "2024.03.05"]
[Round "4"]
[White "Kobalia"]
[Black "Genghis_K"]
[Result "1/2-1/2"]
[WhiteElo "2799"]
[BlackElo "2949"]
[TimeControl "180+1"]
[EndTime "8:43:57 PST"]
[Termination "Game drawn - insufficient material"]

1. e4 c5 2. Nf3 d6 3. Bb5+ Bd7 4.
Bxd7+ Nxd7 5. O-O e6 6. c3 Ngf6 7. Qe2 Be7 8. d4 O-O 9. Rd1 Qc7 10. Bf4 Rac8 11. Na3 cxd4 12. cxd4 Qb6 13. Bg5 h6 14. Bh4 Rfe8 15. Rac1 Bf8 16. e5 dxe5 17. dxe5 Nd5 18. Qb5 Nc5 19. Qxb6 axb6 20. Nc4 g5 21.
Bg3 Ne4 22. a4 Rc6 23. Re1 Nc5 24. Nd6 Ra8 25. Nd4 Rc7 26. b3 Rd7 27. h4 Nd3 28.
hxg5 hxg5 29. N4b5 Nxe1 30. Rxe1 Ne7 31. f3 Nf5 32.
Nxf5 exf5 33. e6 Bc5+ 34. Bf2 Re8 35. exd7 Rxe1+ 36. Kh2 Rd1 37. Bd4 Be7 38. Kg3 f6 39.
Kf2 Kf7 40. Ke2 Rh1 41. Bxb6 Rh8 42. Nd4 Bd8 43. Bc5 Bc7 44. Kd3 Rd8 45. Kc4 Rxd7 46. Nxf5 Ke6 47. Nd4+ Kf7 48. g4 Be5 49. b4 Bxd4 50.
Bxd4 Ke6 51. a5 Rc7+ 52. Bc5 Rh7 53. b5 Kd7 54. a6 bxa6 55. bxa6 Kc6 56. a7 Kb7 57.
Kd5 Rh3 58. Ke4 Rh1 59. Bd4 Re1+ 60. Kd3 Rf1 61. Ke2 Rb1 62. Bxf6 Kxa7 63. Bxg5 Kb7 64.
Be3 Kc6 65. f4 Kd5 66. Kf3 Rf1+ 67. Kg2 Re1 68. Kf2 Rb1 69. Kf3 Rf1+ 70. Bf2 Rb1 71. f5 Ke5 72. Bg3+ Kf6 73. Bh4+ Ke5 74. Bg3+ Kf6 75.
Bf4 Rb3+ 76. Be3 Ke5 77. Kf2 Ke4 78. Bh6 Rh3 79. Bc1 Rc3 80. Bd2 Rd3 81. Bh6 Rh3 82. Bg5 Rf3+ 83. Kg2 Rxf5 84. gxf5 Kxf5 1/2-1/2

[Event "Early-Titled-Tuesday-Blitz-March-05-2024"]
[Site "Chess.com"]
[Date "2024.03.05"]
[Round "4"]
[White "SpeedofLight0"]
[Black "sokidze"]
[Result "0-1"]
[WhiteElo "3061"]
[BlackElo "2792"]
[TimeControl "180+1"]
[EndTime "8:43:59 PST"]
[Termination "sokidze won by checkmate"]

1. d4 d5 2. Nc3 Nf6 3. Bf4 e6 4.
e3 Bb4 5. Bd3 c5 6. dxc5 Nc6 7.
Nf3 Qa5 8. O-O Bxc3 9. bxc3 Qxc5 10. Ne5 O-O 11. c4 dxc4 12. Nxc4 e5 13. Bg3 Be6 14. Nd2 Nd5 15. Ne4 Qe7 16. Qh5 h6 17. Bh4 f6 18.
Qg6 Bf7 19. Qf5 Be6 20. Qf3 g5 21. Bg3 f5 22. Qh5 fxe4 23. Qg6+ Kh8 24. Qxh6+ Kg8 25. Qg6+ Kh8 26. Qh6+ Kg8 27. Bxe4 Rf6 28. Qxg5+ Qg7 29. Qh5 Rh6 30. Qe2 Nc3 31. Qd3 Nxe4 32. Qxe4 Rf8 33.
Rad1 Bf5 34. Qc4+ Kh8 35. Rd2 Rhf6 36. Rfd1 Qg6 37. Qc5 Kh7 38. Rd6 Rxd6 39. Rxd6 Rf6 40. Rd2 Qe8 41. h3 Rf7 42. Qc4 Rd7 43. Qh4+ Kg7 44.
Qg5+ Bg6 45. Re2 Qe7 46. Qg4 Rd1+ 47. Kh2 Rd6 48. h4 Qe6 49. Qg5 Qf6 50. Qg4 Qf5 51. Qc4 Qe4 52. Qc5 Qd5 53. Qc3 Kh7 54. f3 Rd7 55. e4 Qd4 56. Qb3 Bf7 57. Qb1 Bc4 58.
Rf2 Qd1 59. Qb2 Qd4 60. Qa3 Qd6 61. Qc1 b5 62. Qg5 Qg6 63. Qe3 Rg7 64. f4 exf4 65.
Qxf4 Rf7 66. Qe3 Rxf2 67. Qxf2 Qf7 68. Qe3 Bxa2 69. e5 Be6 70. Qd3+ Bf5 71. Qxb5 Qe6 72. Qb7+ Kg6 73. Bf4 Nxe5 74. Qxa7 Ng4+ 75. Kg3 Qe1+ 76.
Kf3 Qe4+ 77. Kg3 Qe1+ 78. Kf3 Be4+ 79. Kxg4 Qe2+ 80. Kh3 Qxg2# 0-1

[Event "Early-Titled-Tuesday-Blitz-March-05-2024"]
[Site "Chess.com"]
[Date "2024.03.05"]
[Round "4"]
[White "Agibileg"]
[Black "corvachesky"]
[Result "1/2-1/2"]
[WhiteElo "2647"]
[BlackElo "2444"]
[TimeControl "180+1"]
[EndTime "8:44:01 PST"]
[Termination "Game drawn - insufficient material"]

1. d4 Nf6 2. c4 e6 3. Nc3 d5 4. cxd5 exd5 5. Bg5 Be7 6. e3 c6 7. Bd3 Nbd7 8. Nge2 h6 9. Bf4 Nh5 10. Be5 Nxe5 11. dxe5 g5 12. O-O Ng7 13. f4 g4 14.
f5 Bg5 15. Nf4 Qc7 16. e6 fxe6 17. fxe6 Nxe6 18. Bg6+ Kd8 19. Ncxd5 cxd5 20. Qxd5+ Ke7 21. Qe4 Bxf4 22. Rxf4 Rf8 23. Rxf8 Kxf8 24. Rf1+ Kg7 25. Rf7+ Qxf7 26. Bxf7 Kxf7 27. Qh7+ Ng7 28. Qxh6 Bf5 29. Qf4 Re8 30. Qc4+ Kg6 31. Qb3 Re7 32. Kf2 Be4 33.
Kg3 Nf5+ 34. Kf4 Bxg2 35. Qg8+ Ng7 36. Qb8 Bf3 37. Qd6+ Re6 38. Qd3+ Kf7 39. Qb3 Kg6 40. Qd3+ Re4+ 41. Kg3 Nf5+ 42. Kf2 Nxe3 43. Qd6+ Kg5 44. Qd8+ Kg6 45. Qg8+ Kf6 46. Qf8+ Ke5 47. Qe7+ Kd4 48. Qxb7 Nd5 49. Qxa7+ Kd3 50. Qa3+ Kd4 51. Qa7+ Ke5 52. Qg7+ Kf5 53. Qh7+ Ke5 54. Qh8+ Nf6 55. Qb8+ Kf5 56. Qc8+ Kg6 57. Qc2 Kg5 58. Qd2+ Kf5 59. Qa5+ Re5 60.
Qa6 Re2+ 61. Qxe2 Bxe2 62. Kxe2 Kf4 63. Kf2 Ne4+ 64. Kg2 Nd2 65. b4 Nc4 66. a4 Ke5 67. Kg3 Kd4 68. Kxg4 Kc3 69. b5 Kb4 70. h4 Kxa4 71.
b6 Nxb6 72. Kf5 Nd7 73. Kg6 Ne5+ 74. Kf6 Ng4+ 75. Kg5 Ne5 76. h5 Kb5 77. Kf6 Ng4+ 78.
Kf5 Nh6+ 79. Kg6 Ng4 80. Kg7 Kc5 81. Kg6 Kd5 82. Kg5 Ne5 83. h6 Nf7+ 84. Kg6 Nxh6 1/2-1/2

[Event "Early-Titled-Tuesday-Blitz-March-05-2024"]
[Site "Chess.com"]
[Date "2024.03.05"]
[Round "4"]
[White "sotochess"]
[Black "Sharafiev_Azat"]
[Result "0-1"]
[WhiteElo "2625"]
[BlackElo "2466"]
[TimeControl "180+1"]
[EndTime "8:44:04 PST"]
[Termination "Sharafiev_Azat won on time"]

1. e4 c5 2. Nf3 d6 3. d4 cxd4 4.
Nxd4 Nf6 5. f3 Nc6 6. c4 Nxd4 7. Qxd4 g6 8. Be3 Bg7 9. Nc3 O-O 10. Qd2 Be6 11. Be2 a5 12. O-O a4 13. Nb5 Qa5 14.
Qxa5 Rxa5 15. Rac1 Nd7 16. Rc2 Rc8 17. Rfc1 Ne5 18.
Nd4 Bd7 19. h3 h5 20. Kf2 Kh7 21. f4 Nc6 22. Nf3 Nb4 23. Bd2 Nxc2 24. Bxa5 Nd4 25. Ng5+ Kg8 26. Bf1 Nc6 27. Bc3 Bxc3 28. Rxc3 Nb4 29.
a3 Na6 30. Bd3 f6 31. Nf3 Kf7 32. Ke3 Nc5 33. Bc2 e5 34. f5 g5 35. Ne1 Bc6 36. Nd3 Nxe4 37. Nxe5+ dxe5 38. Bxe4 Bxe4 39. Kxe4 Rd8 40. Rd3 Rxd3 41. Kxd3 b6 42. Ke4 h4 43. Kd5 Ke7 44. c5 bxc5 45. Kxc5 Kd7 46. Kd5 Kc7 47. Kc5 Kc8 48. Kc4 Kb7 49. Kd5 Kb6 50. Ke6 e4 51. Kxf6 e3 52. Kg7 e2 53. f6 e1=Q 54. f7 Qe7 55.
Kg8 Qe6 56. Kg7 Qe5+ 57. Kg8 Qd5 58. Kg7 Qd4+ 59. Kg8 Qc4 60. Kg7 Qc7 61. Kg8 Qc4 62. Kg7 Qd4+ 63. Kg8 Qd5 64. Kg7 Qxg2 65. f8=Q Qxh3 66.
Qb4+ Kc7 67. Qc5+ Kd8 68. Qxg5+ Kd7 69. Qd5+ Kc7 70. Qc5+ Kd7 71. Qd5+ Kc7 72. Qc4+ Kd7 73. Qxa4+ Ke6 74. Qe4+ Kd6 75. Qg6+ Kd7 76. Qf7+ Kc8 77. Qc4+ Kb7 78. Qb5+ Ka7 79. Qa5+ Kb7 80. Qb5+ Kc7 81.
Qc5+ Kd8 82. Qd4+ Qd7+ 83. Qxd7+ Kxd7 0-1

[Event "Early-Titled-Tuesday-Blitz-March-05-2024"]
[Site "Chess.com"]
[Date "2024.03.05"]
[Round "4"]
[White "mortngabriel"]
[Black "TheCavemanChess"]
[Result "1/2-1/2"]
[WhiteElo "2537"]
[BlackElo "2712"]
[TimeControl "180+1"]
[EndTime "8:44:05 PST"]
[Termination "Game drawn by 50-move rule"]

1. d4 Nf6 2. Nf3 d5 3. c4 e6 4. Nc3 Be7 5. Bf4 O-O 6. e3 b6 7. cxd5 Nxd5 8. Nxd5 exd5 9. a3 c5 10. Bd3 Nc6 11. Rc1 Bg4 12. O-O Bh5 13. Qc2 Bg6 14.
Bxg6 hxg6 15. dxc5 bxc5 16. Rfd1 g5 17. Bg3 g4 18. Ne5 Nxe5 19. Bxe5 Qd7 20. e4 d4 21. b4 Qe6 22. Bg3 cxb4 23. axb4 Bxb4 24. Rxd4 Rac8 25. Rc4 Rxc4 26. Qxc4 Qxc4 27. Rxc4 Rd8 28. h3 a5 29.
hxg4 Rd1+ 30. Kh2 Rb1 31. Rc8+ Kh7 32. Ra8 Ra1 33. Ra7 Kg8 34. Ra8+ Kh7 35. Ra7 Kg6 36. Ra6+ Kg5 37. Bd6 Bxd6+ 38. Rxd6 a4 39. Kg3 f6 40. Rd5+ Kg6 41. Ra5 Kf7 42. Kf4 Ra2 43. f3 Kg6 44. g3 a3 45. Ra7 Ra1 46. Ra6 Kf7 47. g5 a2 48. gxf6 gxf6 49. Kf5 Rf1 50. Ra7+ Kg8 51.
Rxa2 Rxf3+ 52. Kg6 Kf8 53. g4 Ke7 54. Ra7+ Ke6 55.
Ra6+ Ke5 56. g5 fxg5 57. Kxg5 Kxe4 58. Ra4+ Kd5 59. Ra5+ Kc4 60. Rf5 Rg3+ 61. Kf6 Rg1 62. Rg5 Rd1 63. Rf5 Kd4 64. Kg5 Ke4 65. Rf4+ Ke5 66.
Rf5+ Ke6 67. Rf6+ Ke7 68. Rf4 Rg1+ 69. Kf5 Kd6 70. Rg4 Re1 71. Re4 Rh1 72. Rg4 Kd5 73. Kf4 Rf1+ 74. Kg5 Ke5 75. Rg3 Rf8 76. Kg4 Rg8+ 77.
Kf3 Rc8 78. Rg5+ Kf6 79. Ra5 Rc4 80. Ke3 Rc3+ 81. Kd4 Rf3 82. Ke4 Rh3 83. Kf4 Rh4+ 84. Kg3 Rd4 85. Kf3 Ke6 86. Ke3 Rh4 87. Kf3 Kd6 88.
Kg3 Rc4 89. Kf3 Kc6 90. Rf5 Rc3+ 91. Kg4 Kb6 92. Rf3 Rc7 93. Rf4 Rg7+ 94. Kf3 Kc5 95. Rg4 Rd7 96. Rf4 Kd5 97. Kg4 Ke5 98. Rf5+ Ke4 99.
Rf4+ Ke3 100. Rf3+ Ke2 101. Rf5 Rd4+ 102. Kg5 Ke3 103. Kf6 Ke4 104. Re5+ Kf4 105. Rf5+ Kg4 106. Rg5+ Kh4 107. Rf5 Rd6+ 1/2-1/2

[Event "Early-Titled-Tuesday-Blitz-March-05-2024"]
[Site "Chess.com"]
[Date "2024.03.05"]
[Round "4"]
[White "cristiano78"]
[Black "Smoking_Crow"]
[Result "1/2-1/2"]
[WhiteElo "2275"]
[BlackElo "2609"]
[TimeControl "180+1"]
[EndTime "8:44:22 PST"]
[Termination "Game drawn by agreement"]

1. d4 Nf6 2. c4 e6 3. Nf3 d5 4. Nc3 Be7 5. Bg5 h6 6. Bxf6 Bxf6 7. e3 O-O 8. Rc1 c6 9. Be2 Nd7 10. O-O dxc4 11. Bxc4 Qb6 12. b3 Qa5 13. Ne4 Be7 14. a3 Qxa3 15. Ra1 Qb4 16. Qc2 Qb6 17. Bd3 Qd8 18. Ra2 Nf6 19. Nxf6+ Bxf6 20. Rfa1 a6 21. Nd2 Qe7 22. Nc4 c5 23. Nb6 Rb8 24. Nxc8 Rfxc8 25. Rc1 Rc7 26. dxc5 g6 27. b4 Kg7 28. Qb3 Rd8 29. Rac2 Rcd7 30. Be2 Rd2 31. Kf1 h5 32. Bf3 Qc7 33.
g3 h4 34. b5 Rxc2 35. Rxc2 h3 36. c6 Qa5 37. Ke2 Qa1 38. Ra2 Qc1 39. cxb7 Bc3 40. Bc6 axb5 41. Rc2 Qe1+ 42. Kf3 b4 43. Kg4 Qd1+ 44. Kxh3 Qf1+ 45. Kg4 f5+ 46. Kf3 Qh1+ 47. Kf4 Qxc6 48. Qxb4 Bxb4 49. Rxc6 Rb8 50. Rxe6 Rxb7 51. e4 Bd2+ 52. Kf3 fxe4+ 53. Rxe4 Rf7+ 54. Kg2 Bb4 55. f4 Bf8 56. Kf3 Bd6 57. h4 Bc7 58. g4 Bb8 59. h5 g5 60. f5 Bf4 61. Re6 Kh7 62. Rg6 Rb7 63. Re6 Rb3+ 64. Kf2 Rg3 65. Re7+ Kg8 66. f6 Rxg4 67. Rg7+ Kf8 68. h6 Rh4 69. h7 Be5 70.
Rg8+ Kf7 71. h8=Q Rxh8 72. Rxh8 Bxf6 73. Rh7+ Kg6 74. Ra7 Kf5 75. Ra6 Be5 76. Kg2 Kf4 77. Ra8 Kf5 78. Rg8 g4 79. Rxg4 Bf6 80. Rg3 Ke6 81. Rf3 Be5 82. Re3 1/2-1/2

[Event "Early-Titled-Tuesday-Blitz-March-05-2024"]
[Site "Chess.com"]
[Date "2024.03.05"]
[Round "4"]
[White "Boorchess"]
[Black "PeshkaCh"]
[Result "1/2-1/2"]
[WhiteElo "2527"]
[BlackElo "2826"]
[TimeControl "180+1"]
[EndTime "8:44:29 PST"]
[Termination "Game drawn - insufficient material"]

1. d4 Nf6 2. c4 e6 3. Nc3 d5 4. cxd5 exd5 5. Bg5 Be7 6. e3 O-O 7. Bd3 c6 8. Nge2 h6 9. Bh4 Nh5 10.
Bxe7 Qxe7 11. O-O Bg4 12. Qd2 Bxe2 13. Nxe2 a5 14. Rfe1 Na6 15. a3 Nc7 16. Nc3 Nf6 17. b3 Nce8 18. Rec1 Nd6 19. b4 axb4 20. axb4 b5 21.
Qb2 Qb7 22. Rxa8 Rxa8 23. Ra1 Nc4 24. Rxa8+ Qxa8 25. Qa2 Qxa2 26. Nxa2 Nb2 27. Bc2 Nd7 28. Kf1 Nb8 29. Ke1 Nc4 30. Nc1 Na6 31. Nd3 f6 32.
Bb3 Nd6 33. f3 Kf8 34. Kd2 Ke7 35. g4 Nc4+ 36. Ke2 Nd6 37. h4 g5 38. hxg5 hxg5 39.
Kd2 f5 40. gxf5 Nxf5 41. Ke2 Nd6 42. Kd2 Nc4+ 43. Ke2 Nd6 44. Kd2 Kf6 45. Ke2 Nf5 46.
Bc2 Nh4 47. Kf2 Kg7 48. Bb1 Kh6 49. Kg3 Nf5+ 50. Kf2 Nd6 51. Ke2 Kh5 52. Kf2 Kh4 53. Ne5 Nxb4 54. Bg6 Nc4 55. Be8 Nxe5 56. dxe5 Nd3+ 57.
Ke2 Nxe5 58. f4 gxf4 59. exf4 Ng4 60. Bxc6 b4 61. Bxd5 Kg3 62. f5 Kf4 63. f6 Nxf6 64. Bb3 Ke4 65. Kd2 Kd4 66. Kc2 Ne4 67. Bg8 Nc5 68.
Kb2 Kd3 69. Bf7 Kd2 70. Bg8 Ke3 71. Bf7 Kd4 72. Bg8 Ne4 73. Bh7 Nd6 74. Bg8 Kc5 75. Be6 Nb5 76. Bg8 Nc3 77. Bf7 Kb5 78. Bg8 Na4+ 79.
Kb3 Nc5+ 80. Kb2 Ka4 81. Bf7 Nd3+ 82. Kc2 Ne5 83. Bg8 Ka3 84. Be6 Nc6 85. Bg8 Nd4+ 86. Kb1 Nf5 87. Bf7 Ne7 88. Be6 Nc6 89. Bg8 Ne5 90. Be6 Nf3 91. Bg8 Ng5 92. Bd5 Nh3 93. Bg8 Nf2 94. Bf7 Nd1 95. Bg8 Nc3+ 96. Kc2 Nb5 97.
Bf7 Nd4+ 98. Kb1 Ne2 99. Bg8 Nc3+ 100. Kc2 Na4 101. Kb1 b3 102. Bxb3 1/2-1/2

[Event "Early-Titled-Tuesday-Blitz-March-05-2024"]
[Site "Chess.com"]
[Date "2024.03.05"]
[Round "4"]
[White "atbenina64"]
[Black "ural58"]
[Result "0-1"]
[WhiteElo "2726"]
[BlackElo "2518"]
[TimeControl "180+1"]
[EndTime "8:44:45 PST"]
[Termination "ural58 won by resignation"]

1. Nf3 d5 2. g3 Nc6 3. d4 Bf5 4. Bg2 Nb4 5. Na3 e6 6. O-O h6 7. c3 Nc6 8. Qa4 Bd6 9. c4 Nf6 10.
Ne5 O-O 11. Nxc6 bxc6 12. c5 Be7 13. Qxc6 e5 14. dxe5 Bd7 15. Qa6 Ne4 16. Rd1 Nxc5 17. Qa5 c6 18. Qxd8 Rfxd8 19. Nc2 Rab8 20. b3 a5 21. Be3 Ne6 22. f4 a4 23. f5 Nc7 24. Bf4 Bxf5 25. Nd4 Bd7 26. e6 Nxe6 27. Nxe6 fxe6 28. Bxb8 Rxb8 29. bxa4 Ra8 30. Rab1 Ra7 31. e4 d4 32. e5 c5 33. Rb7 Rxb7 34. Bxb7 Bxa4 35. Rc1 d3 36. Bf3 d2 37. Rb1 c4 38.
Rb8+ Kf7 39. Rc8 d1=Q+ 40. Bxd1 Bxd1 41. Rxc4 Be2 42. Rc7 Ke8 43. a4 Kd8 44. Rc2 Ba6 45. Rc6 Bc8 46. a5 Kd7 47. Rc1 Ba6 48. Kf2 g5 49.
Ke3 g4 50. Kd4 Bb4 51. Ke4 Bxa5 52. Ra1 Bb7+ 53. Kf4 Bc7 54. Rd1+ Ke7 55. Kxg4 Bxe5 56. Re1 Bg7 57. Kh5 Bd5 58. Kg6 Bf8 59. g4 Bc4 60. Re3 Ba2 61. Rc3 Bb1+ 62. Kh5 Be4 63. Rc7+ Kf6 64. Kh4 Bg6 65. Rc3 Bd6 66. Rf3+ Kg7 67. Kh3 Be7 68. Rb3 Bg5 69. Rb7+ Kf6 70. Kg3 Be4 71.
Rb8 Kg6 72. h4 Bf6 73. h5+ Kf7 74. Rc8 Be5+ 75. Kh4 Bd5 76. Rc2 Bf6+ 77. Kh3 Bg5 78. Rc7+ Kf6 79. Rc2 Ke5 80. Kg3 Kd4 81. Rf2 e5 82. Rf5 Be6 83. Rf8 e4 84. Re8 Ke5 85. Kf2 Kf6 86. Kg3 e3 87. Ra8 Bd5 88. Ra6+ Ke5 89.
Ra2 Ke4 90. Ra4+ Kd3 91. Ra1 e2 92. Ra3+ Ke4 93. Kf2 Bc4 94. Ra1 Bh4+ 95. Kg2 e1=Q 96. Rxe1+ Bxe1 97. g5 hxg5 98. h6 Bg8 99. Kh3 Kf5 100.
Kg2 Bh7 101. Kf3 Bh4 102. Ke2 Kg6 0-1

[Event "Early-Titled-Tuesday-Blitz-March-05-2024"]
[Site "Chess.com"]
[Date "2024.03.05"]
[Round "5"]
[White "DvaHrasta"]
[Black "BeyondMadness"]
[Result "1-0"]
[WhiteElo "2452"]
[BlackElo "2234"]
[TimeControl "180+1"]
[EndTime "8:52:16 PST"]
[Termination "DvaHrasta won by checkmate"]

1. c4 e6 2. g3 d5 3. Bg2 c6 4. Nf3 Nf6 5. O-O Be7 6. d3 O-O 7. Qc2 b6 8. e4 Bb7 9. e5 Nfd7 10. d4 c5 11. cxd5 exd5 12. dxc5 bxc5 13. Nc3 d4 14. Ng5 Bxg2 15. Qxh7# 1-0

[Event "Early-Titled-Tuesday-Blitz-March-05-2024"]
[Site "Chess.com"]
[Date "2024.03.05"]
[Round "5"]
[White "Willi_Skibbe"]
[Black "SergioMoralesG"]
[Result "0-1"]
[WhiteElo "2312"]
[BlackElo "2505"]
[TimeControl "180+1"]
[EndTime "8:52:25 PST"]
[Termination "SergioMoralesG won by resignation"]

1. b3 e5 2. Bb2 Nc6 3. e3 Nf6 4. Nf3 Bd6 5. d4 exd4 6. Nxd4 Nxd4 7. Qxd4 O-O 8. Bc4 Re8 9. Nc3 Be5 10. Qd2 d5 11. Bd3 d4 12. exd4 Bf4+ 0-1

[Event "Early-Titled-Tuesday-Blitz-March-05-2024"]
[Site "Chess.com"]
[Date "2024.03.05"]
[Round "5"]
[White "Manukyan_Artak"]
[Black "Louis-Paulsen-Fan"]
[Result "1-0"]
[WhiteElo "2530"]
[BlackElo "2225"]
[TimeControl "180+1"]
[EndTime "8:53:20 PST"]
[Termination "Manukyan_Artak won by checkmate"]

1. e4 Nf6 2. Nc3 e5 3. Bc4 Nc6 4. d3 d6 5. Nf3 Bg4 6. h3 Bh5 7. g4 Bg6 8. Nh4 Nxe4 9. Nxg6 Nxc3 10. Qf3 d5 11. Nxh8 dxc4 12. Qxf7# 1-0

[Event "Early-Titled-Tuesday-Blitz-March-05-2024"]
[Site "Chess.com"]
[Date "2024.03.05"]
[Round "5"]
[White "KVAIDAN"]
[Black "david_gomez"]
[Result "0-1"]
[WhiteElo "2329"]
[BlackElo "2619"]
[TimeControl "180+1"]
[EndTime "8:53:29 PST"]
[Termination "david_gomez won by checkmate"]

1. f4 d5 2. Nf3 Bg4 3. Ne5 Bf5 4. e3 f6 5. Nf3 e5 6. c4 d4 7. Qb3 Nc6 8. Na3 Bb4 9. fxe5 fxe5 10. Nxe5 Nxe5 11.
Qxb4 Qh4+ 12. g3 Qe4 13. Rg1 Nf3+ 14. Kf2 Nf6 15. Bg2 dxe3+ 16. dxe3 Ng4+ 17. Kf1 Qd3# 0-1

[Event "Early-Titled-Tuesday-Blitz-March-05-2024"]
[Site "Chess.com"]
[Date "2024.03.05"]
[Round "5"]
[White "lamomiajunior"]
[Black "rdarruda"]
[Result "1-0"]
[WhiteElo "2738"]
[BlackElo "2513"]
[TimeControl "180+1"]
[EndTime "8:53:46 PST"]
[Termination "lamomiajunior won by resignation"]

1. d4 Nf6 2. c4 e5 3. dxe5 Ne4 4. e3 Bb4+ 5. Nd2 Nc6 6. Nf3 Qe7 7. a3 Bxd2+ 8.
Nxd2 Nxd2 9. Bxd2 Nxe5 10. Bc3 d6 11. Be2 O-O 12. O-O Bd7 13. b4 a5 14. bxa5 Rfe8 15. Rb1 Nc6 16. Rxb7 Rec8 17. Qd2 Nd8 18. Rbb1 Nc6 19.
Bf3 Ra6 20. Rfd1 h6 21. Bd5 Ne5 22. Bxe5 Qxe5 23. Bb7 1-0

[Event "Early-Titled-Tuesday-Blitz-March-05-2024"]
[Site "Chess.com"]
[Date "2024.03.05"]
[Round "5"]
[White "AEMEffi"]
[Black "viktorgen2021"]
[Result "1-0"]
[WhiteElo "2332"]
[BlackElo "2493"]
[TimeControl "180+1"]
[EndTime "8:54:07 PST"]
[Termination "AEMEffi won by resignation"]

1. d4 Nf6 2. c4 g6 3. Nc3 Bg7 4. e4 O-O 5. h3 d6 6. Be3 c6 7. Nf3 a6 8. Rc1 Nbd7 9. a3 e5 10. dxe5 dxe5 11. Be2 Qe7 12. O-O Rd8 13. Qc2 Nf8 14.
Rcd1 Nh5 15. Bb6 Rxd1 16. Rxd1 Be6 17. Na4 Nf4 18. Nc5 Qg5 19. Nxg5 1-0

[Event "Early-Titled-Tuesday-Blitz-March-05-2024"]
[Site "Chess.com"]
[Date "2024.03.05"]
[Round "5"]
[White "Fernando_Offermann"]
[Black "GWR2024"]
[Result "0-1"]
[WhiteElo "2422"]
[BlackElo "2133"]
[TimeControl "180+1"]
[EndTime "8:54:25 PST"]
[Termination "GWR2024 won by resignation"]

1. Nf3 f5 2. d4 Nf6 3. c4 g6 4.
Nc3 Bg7 5. b4 O-O 6. b5 d6 7. a4 a6 8. Rb1 axb5 9. axb5 Nbd7 10. Qc2 e5 11. e4 exd4 12. Nxd4 Nc5 13. exf5 Ng4 14. Nce2 Nxf2 15. Kxf2 Bxd4+ 16. Nxd4 Qh4+ 17. g3 Qxd4+ 18. Be3 Bxf5 19. Qc1 Bxb1+ 20. Kg1 Rxf1+ 0-1

[Event "Early-Titled-Tuesday-Blitz-March-05-2024"]
[Site "Chess.com"]
[Date "2024.03.05"]
[Round "5"]
[White "Alonmindlin"]
[Black "Bauman_Guy"]
[Result "0-1"]
[WhiteElo "2676"]
[BlackElo "2923"]
[TimeControl "180+1"]
[EndTime "8:54:27 PST"]
[Termination "Bauman_Guy won by resignation"]

1. d4 Nf6 2. c4 e6 3. Nf3 d5 4. Nc3 c5 5. cxd5 Nxd5 6. Nxd5 Qxd5 7. g3 cxd4 8. Bg2 Bb4+ 9. Bd2 Bxd2+ 10. Qxd2 Nc6 11.
O-O O-O 12. Rfd1 e5 13. e3 d3 14. Nd4 e4 15. Qxd3 exd3 16. Bxd5 Nxd4 17. exd4 Rd8 18.
Bc4 Rxd4 19. Rxd3 Rxd3 20. Bxd3 Bh3 21. Rc1 Rd8 22. Bf1 Be6 23. Rc7 g5 24. h4 Rd1 25.
Kg2 g4 26. Bc4 Rc1 27. b3 Bd5+ 0-1

[Event "Early-Titled-Tuesday-Blitz-March-05-2024"]
[Site "Chess.com"]
[Date "2024.03.05"]
[Round "5"]
[White "kinga2008"]
[Black "ricaurtelopezj1955"]
[Result "1-0"]
[WhiteElo "2403"]
[BlackElo "2161"]
[TimeControl "180+1"]
[EndTime "8:54:45 PST"]
[Termination "kinga2008 won by resignation"]

1. e4 e5 2. Nf3 Nc6 3. d4 exd4 4. Bc4 Bc5 5. O-O d6 6. Nbd2 Nf6 7. Re1 O-O 8. a3 Bg4 9. b4 Bb6 10. Bb2 Re8 11. h3 Bh5 12. Bb5 Re5 13. Bxc6 bxc6 14. g4 Rg5 15. Nxg5 1-0

[Event "Early-Titled-Tuesday-Blitz-March-05-2024"]
[Site "Chess.com"]
[Date "2024.03.05"]
[Round "5"]
[White "TheMagician"]
[Black "inagreV"]
[Result "1-0"]
[WhiteElo "2195"]
[BlackElo "2369"]
[TimeControl "180+1"]
[EndTime "8:54:48 PST"]
[Termination "TheMagician won by resignation"]

1. e4 e6 2. d4 d5 3. exd5 exd5 4.
Bd3 c5 5. dxc5 Bxc5 6. Nf3 Nf6 7. O-O O-O 8. Bg5 h6 9. Bxf6 Qxf6 10. c3 Nc6 11.
Nbd2 Re8 12. Qa4 Bd7 13. Qc2 Rac8 14. Rae1 d4 15. Rxe8+ Rxe8 16. Ne4 Qf5 17. Nd6 Qxf3 18. gxf3 Bxd6 19. Bf5 Bxf5 20. Qxf5 dxc3 21. bxc3 Re5 22.
Qc8+ Kh7 23. Qxb7 Rg5+ 24. Kh1 Ne5 25. f4 1-0

[Event "Early-Titled-Tuesday-Blitz-March-05-2024"]
[Site "Chess.com"]
[Date "2024.03.05"]
[Round "5"]
[White "yonaltimur"]
[Black "FMStan15"]
[Result "1-0"]
[WhiteElo "2355"]
[BlackElo "2085"]
[TimeControl "180+1"]
[EndTime "8:54:49 PST"]
[Termination "yonaltimur won by resignation"]

1. e4 e6 2. d4 d5 3. Nc3 Bb4 4. e5 c5 5. a3 Bxc3+ 6. bxc3 Qc7 7. Qg4 f5 8. exf6 Nxf6 9. Qg3 Qxg3 10. hxg3 cxd4 11.
cxd4 O-O 12. Nf3 Nc6 13. Bd3 h6 14. Bf4 Ne4 15. O-O g5 16. Be3 g4 17. Ne5 Nxe5 18. Bxe4 dxe4 19. dxe5 Kg7 20. Rfd1 Rf7 21. Rab1 b6 22.
Rd6 Re7 23. c4 Rc7 24. Rc1 Ba6 25. c5 bxc5 26. Rxa6 1-0

[Event "Early-Titled-Tuesday-Blitz-March-05-2024"]
[Site "Chess.com"]
[Date "2024.03.05"]
[Round "5"]
[White "McCarthyStone"]
[Black "Christian_Jordan"]
[Result "1-0"]
[WhiteElo "2371"]
[BlackElo "2056"]
[TimeControl "180+1"]
[EndTime "8:54:51 PST"]
[Termination "McCarthyStone won by resignation"]

1. e4 e6 2. b3 d5 3. Bb2 dxe4 4. Nc3 Nf6 5. g4 h6 6. Bg2 Bb4 7. Qe2 O-O 8. O-O-O Qe7 9. Kb1 Bd7 10. h4 Bxc3 11.
dxc3 Nd5 12. Bxe4 Bc6 13. Bxd5 Bxd5 14. Rxd5 Nc6 15. Rd1 Rfd8 16. Nf3 Qc5 17. g5 h5 18.
Nd4 g6 19. Nxe6 fxe6 20. Qxe6+ Kf8 21. Qf6+ 1-0

[Event "Early-Titled-Tuesday-Blitz-March-05-2024"]
[Site "Chess.com"]
[Date "2024.03.05"]
[Round "5"]
[White "Balla_Tamas"]
[Black "LaPiToB"]
[Result "1-0"]
[WhiteElo "2432"]
[BlackElo "2275"]
[TimeControl "180+1"]
[EndTime "8:54:57 PST"]
[Termination "Balla_Tamas won by resignation"]

1. e4 c6 2. d4 d5 3. exd5 cxd5 4. c4 Nf6 5. Nc3 e6 6. Nf3 Be7 7. Bd3 O-O 8. O-O dxc4 9. Bxc4 Nc6 10.
Bg5 b6 11. Re1 Bb7 12. Qd2 Rc8 13. Rad1 Nb4 14. Ne5 Nfd5 15. Bxe7 Nxe7 16. Nxf7 Rxf7 17. Bxe6 Rc6 18. d5 Rxe6 19. dxe6 1-0

[Event "Early-Titled-Tuesday-Blitz-March-05-2024"]
[Site "Chess.com"]
[Date "2024.03.05"]
[Round "5"]
[White "rikchessmx"]
[Black "KoningKobe"]
[Result "1-0"]
[WhiteElo "2284"]
[BlackElo "2416"]
[TimeControl "180+1"]
[EndTime "8:55:05 PST"]
[Termination "rikchessmx won by resignation"]

1. e4 e6 2. d4 a6 3. Nc3 b5 4. a3 Bb7 5. Bd3 c5 6. dxc5 Bxc5 7.
Nge2 d6 8. O-O Nf6 9. Ng3 O-O 10.
Qe2 Nbd7 11. Kh1 Ne5 12. f4 Nxd3 13. cxd3 e5 14. f5 Nd7 15. Qh5 g6 16. Qh6 Qf6 17.
Bg5 Qg7 18. Qh4 f6 19. Bh6 Qf7 20. Bxf8 Rxf8 21. fxg6 hxg6 22. Qg4 Nb6 23. Rf3 Qg7 24. Raf1 Bc8 25. Qh4 g5 26. Qh5 g4 27. Nf5 Qh7 28.
Qxg4+ 1-0

[Event "Early-Titled-Tuesday-Blitz-March-05-2024"]
[Site "Chess.com"]
[Date "2024.03.05"]
[Round "5"]
[White "PolandHussars"]
[Black "giomar27"]
[Result "0-1"]
[WhiteElo "2531"]
[BlackElo "2409"]
[TimeControl "180+1"]
[EndTime "8:55:16 PST"]
[Termination "giomar27 won by resignation"]

1. e4 e5 2. Nf3 Nc6 3. Nc3 Nf6 4. Bd3 g6 5. O-O Bg7 6. Re1 O-O 7. Bf1 d5 8. d3 h6 9. h3 Be6 10. exd5 Nxd5 11. Bd2 a5 12. a3 Nde7 13. Rb1 g5 14. b4 axb4 15. axb4 Ng6 16. b5 Nd4 17. Nxd4 exd4 18. Ne4 Bd5 19. Ng3 f5 20. Be2 Nh4 21. Bf1 Re8 22. Qh5 Bf7 23. Qd1 Qd5 24. Rxe8+ Rxe8 25. Qc1 Kh7 26. Bxg5 hxg5 27. Qxg5 Qd8 28. Qf4 Bh6 0-1

[Event "Early-Titled-Tuesday-Blitz-March-05-2024"]
[Site "Chess.com"]
[Date "2024.03.05"]
[Round "5"]
[White "margarita_2703"]
[Black "Yushko_Olga"]
[Result "1-0"]
[WhiteElo "2398"]
[BlackElo "2199"]
[TimeControl "180+1"]
[EndTime "8:55:22 PST"]
[Termination "margarita_2703 won by resignation"]

1. e4 e6 2. d4 d5 3. e5 c5 4. c3 Nc6 5. Be3 Qb6 6. Qd2 cxd4 7. cxd4 Nge7 8. Bd3 Nb4 9. Be2 Nf5 10. Nf3 Be7 11. Bf4 Bd7 12. Nc3 f6 13. O-O fxe5 14. Bxe5 O-O 15.
a3 Nc6 16. Rfd1 Bf6 17. Na4 Qd8 18. Nc5 b6 19. Nxd7 Qxd7 20. Bb5 Rac8 21. Rac1 Qb7 22. Qd3 Bxe5 23. dxe5 Rc7 24. Rc2 Nb8 25. Rdc1 Rcf7 26. Bc6 Nxc6 27. Rxc6 h6 28. Rxe6 d4 29. Rec6 Qd7 30.
e6 1-0